 Dungeon Crawl Stone Soup version 0.31-a0-955-gcb8bc90ed4 (webtiles) character file.

Game seed: 7248149738669771071

9 Morbidden the Trooper (level 2, 24/24 HPs)
             Began as a Demonspawn Fighter on Oct 22, 2023.
             Quit the game on level 1 of the Dungeon.
             The game lasted 00:00:14 (109 turns).

Morbidden the Trooper (Demonspawn Fighter)           Turns: 109, Time: 00:00:14

Health: 24/24      AC:  8    Str: 16    XL:     2   Next: 6%
Magic:  2/2        EV:  8    Int:  9    God:
Gold:   0          SH:  4    Dex: 12    Spells: 1/1 levels left

rFire   . . .        a - +0 war axe
rCold   . . .        c - +0 buckler
rNeg    . . .        b - +0 scale mail
rPois   .            (no helmet)
rElec   .            (no cloak)
rCorr   .            (no gloves)
SInv    .            (no boots)
Will    .....        (no amulet) Stlth
                     (no ring)
HPRegen 0.24/turn    (no ring)
MPRegen 0.08/turn

%: no passive effects
@: no status effects
A: yellow scales 1
a: no special abilities


You were on level 1 of the Dungeon.
You visited 1 branch of the dungeon, and saw 1 of its levels.

Inventory:

Hand Weapons
 a - a +0 war axe (weapon)
Armour
 b - a +0 scale mail (worn)
 c - a +0 buckler (worn)
Potions
 d - a potion of might


   Skills:
 * Level 3.1 Fighting
 * Level 2.0 Axes
 * Level 2.8 Armour
 * Level 2.9 Shields
 * Level 0.1 Spellcasting


You had one spell level left.
You didn't know any spells.
Your spell library was empty.

Dungeon Overview and Level Annotations

Branches:
Dungeon (1/15)

Altars:


Innate Abilities, Weirdness & Mutations

You are partially covered in yellow scales. (AC +2)


Message History

There are monsters nearby!
You closely miss the goblin. The goblin hits you but does no damage.
The goblin barely misses you.
Unknown command.
There are monsters nearby!
You barely miss the goblin. You block the goblin's attack.
Unknown command.
There are monsters nearby!
Unknown command.
There are monsters nearby!
You hit the dart slug.
The dart slug is heavily wounded.
You barely miss the goblin. You block the goblin's attack.
The dart slug bites you. You block the goblin's attack.
There are monsters nearby!
You slash the dart slug!
You kill the dart slug!
You closely miss the goblin. The goblin closely misses you.
Your Axes skill increases to level 2!
You have reached level 2!
Your demonic ancestry asserts itself...
Yellow scales grow over part of your body.
Unknown command.
A goblin is nearby!
You hit the goblin.
You kill the goblin!
Unknown command.
A kobold comes into view. It is wielding a +2 whip of venom.
Found a scroll labelled ZISTUR PAIDURY.
The kobold shouts!
The kobold throws a stone.
You block the stone.
You see here a scroll labelled ZISTUR PAIDURY.
Unknown command.
A kobold is nearby!
The kobold closely misses you.
Unknown command.
You hit the kobold.
The kobold is moderately wounded.
The kobold barely misses you.
Are you sure you want to abandon this character and quit the game? (Confirm with "yes".)

###.. #######.'..
#.......#.. #.#####.###
#.### #.... # #.###
########### #.#####.###
.....?K@..# #.....†.#..
#########?#######.####..
#......)..####..
#..###...)...### #..#
#.##....... #..#
#.###.##### #.)# #†# .#
..... ... .# ###..###..#
.#


You could see a kobold.

Vanquished Creatures
  A dart slug (D:1)
  A goblin (D:1)
  2 bats (D:1)
  2 kobolds (D:1)
  2 rats (D:1)
8 creatures vanquished.

Notes
Turn   | Place    | Note
-------+----------+-------------------------------------------
     0 | D:1      | Morbidden the Demonspawn Fighter began the quest for the
                  | Orb.
     0 | D:1      | Reached XP level 1. HP: 18/18 MP: 1/1
    99 | D:1      | Gained mutation: You are partially covered in yellow
                  | scales. (AC +2) [demonic ancestry]
    99 | D:1      | Reached XP level 2. HP: 23/24 MP: 2/2
   109 | D:1      | Quit the game

Illustrated notes

Levels and vault maps discovered:
D:1:      nzn_arrival_depleted_hourglass, layout_loops_ring

Skill      XL: |  1 |
---------------+----+-----
Axes           | 2 |  2.0
Fighting       | |  3.1
Armour         | |  2.8
Shields        | |  2.9
Spellcasting   | |  0.1

Action                     || total
---------------------------++-------
  Melee: War axe           ||    28
 Armour: Scale mail        ||    19
  Dodge: Dodged            ||    22
  Block: Buckler           ||    14

Table legend: (Time is in decaauts)
 A = Elapsed time spent in this place.
 B = Non-inter-level travel time spent in this place.
 C = Inter-level travel time spent in this place.
 D = Time resting spent in this place.
 E = Time spent auto-exploring this place.
 F = Levels seen in this place.
 G = Mean time per level.
                   A        B        C        D        E       F      G
               +--------+--------+--------+--------+--------+-----+--------+
         Total |    121 |    121 |      0 |      0 |     65 |   1 |  121.0 |
       Dungeon |    121 |    121 |      0 |      0 |     65 |   1 |  121.0 |
               +--------+--------+--------+--------+--------+-----+--------+

Top non-repeatable levels by time:
     D:1: 121 daAuts
